 Dungeon Crawl Stone Soup version 0.27-a0-1181-g5f64966fcc (webtiles) character file.

Game seed: 17351622805044292466

2702 Sobieck the Chopper (level 9, -1/60 (62) HPs)
             Began as a Demonspawn Fighter on May 17, 2021.
             Was a Priest of Hepliaklqana.
             Slain by a minotaur zombie (2 damage)
             ... on level 2 of the Abyss.
             The game lasted 00:18:42 (9459 turns).

Sobieck the Chopper (Demonspawn Fighter)            Turns: 9459, Time: 00:18:43

HP:   -1/60 (62)    AC:  9    Str: 19    XL:     9   Next: 38%
MP:   0/13          EV:  7    Int: 13    God:    Hepliaklqana [***...]
Gold: 465           SH: 10    Dex: 14    Spells: 14/14 levels left

rFire    . . .     SeeInvis .   D - +5 war axe (freeze) {axe}
rCold    + . .     Faith    .   c - +0 kite shield
rNeg     . . .     Spirit   +   p - +0 scale mail
rPois    .         Reflect  .   (helmet restricted)
rElec    .         Harm     .   (no cloak)
rCorr    .         Rampage  .   (no gloves)
Will     .....                  w - +1 pair of boots
Stlth    +.........             m - amulet of magic regeneration {@e2}
HPRegen  0.00/turn              C - ring of protection from cold
MPRegen  0.51/turn              (no ring)

@: mighty, diseased, lightly drained
A: reduced essence, horns 1, thin skeletal structure 1, powered by pain 1, magic
shield, magic regeneration, clever 1
a: Renounce Religion, Recall Ancestor, Ancestor Identity, Transference


You were on level 2 of the Abyss.
You worshipped Hepliaklqana.
Hepliaklqana was most pleased with you.
You visited 1 branch of the dungeon, and saw 9 of its levels.
You visited the Abyss 1 time.

You collected 465 gold pieces.


Innate Abilities, Weirdness & Mutations

Your life essence is reduced to manifest your ancestor. (-10% HP)
You have a pair of small horns on your head.
You have a somewhat thin skeletal structure. (Dex +2, Stealth+)
You sometimes gain a little power by taking damage.
When hurt, damage is shared between your health and your magic reserves.
You regenerate magic rapidly.
Your mind is acute. (Int +2)


   Skills:
 + Level 6.1 Fighting
 * Level 7.1 Axes
 + Level 5.4 Armour
 + Level 5.5 Shields
 - Level 3.0 Spellcasting
 + Level 4.1 Invocations


You had 14 spell levels left.
You didn't know any spells.
Your spell library contained the following spells:

 Spells                   Type           Power      Damage    Failure   Level
 Animate Skeleton         Necr           2%         N/A       91%         1
 Apportation              Tloc           2%         N/A       91%         1
 Magic Dart               Conj           4%         1d3       91%         1
 Pain                     Necr           4%         1d4       91%         1
 Sandblast                Erth           2%         2d4       91%         1
 Summon Small Mammal      Summ           4%         N/A       91%         1
 Blink                    Tloc           N/A        N/A       97%         2
 Call Imp                 Summ           1%         N/A       97%         2
 Passwall                 Tmut/Erth      0%         N/A       97%         2
 Slow                     Hex            1%         N/A       97%         2
 Call Canine Familiar     Summ           1%         N/A       100%        3
 Conjure Flame            Conj/Fire      1%         6-21      100%        3
 Lesser Beckoning         Tloc           0%         N/A       100%        3
 Mephitic Cloud           Conj/Pois/Air  1%         N/A       100%        3
 Stone Arrow              Conj/Erth      2%         3d7       100%        3
 Summon Guardian Golem    Hex/Summ       1%         N/A       100%        3
 Tukima's Dance           Hex            1%         N/A       100%        3
 Vampiric Draining        Necr           0%         2d6       100%        3
 Animate Dead             Necr           0%         N/A       100%        4
 Petrify                  Tmut/Erth      1%         N/A       100%        4
 Summon Ice Beast         Ice/Summ       1%         N/A       100%        4
 Summon Lightning Spire   Summ/Air       1%         N/A       100%        4
 Agony                    Necr           1%         N/A       100%        5
 Alistair's Intoxication  Tmut/Pois      0%         N/A       100%        5
 Lee's Rapid Deconstruct  Erth           0%         3d5*      100%        5
 Invisibility             Hex            1%         N/A       100%        6

Inventory:

Hand Weapons
 a - a +0 war axe {axe}
 b - a +0 hunting sling {sling}
   (You took it off a goblin on level 2 of the Dungeon)
 h - a +2 whip of flaming {mace}
   (You took it off Pikel on level 4 of the Dungeon)
 k - a +0 dagger of venom {short}
   (You took it off a goblin on level 1 of the Dungeon)
 r - a +2 dagger of venom {short}
   (You took it off an orc on level 5 of the Dungeon)
 s - a +4 falchion {long}
   (You found it on level 6 of the Dungeon)
 u - a +1 dagger of draining {short}
   (You took it off an orc wizard on level 6 of the Dungeon)
 v - a +3 long sword of distortion {!wlong}
   (You found it on level 6 of the Dungeon)
 A - a +3 war axe of freezing {axe}
   (You found it on level 7 of the Dungeon)
 B - a +4 dagger {short}
   (You took it off a goblin on level 3 of the Dungeon)
 D - a +5 war axe of freezing (weapon) {axe}
   (You took it off a wight on level 8 of the Dungeon)
Missiles
 e - 77 arrows
 f - 19 poisoned darts {throwing}
 g - 92 stones (quivered) {throwing}
 o - 31 bolts
 q - 117 sling bullets
 t - 8 boomerangs {throwing}
Armour
 c - a +0 kite shield (worn)
 p - a +0 scale mail (worn)
 w - a +1 pair of boots (worn)
   (You found it on level 3 of the Dungeon)
Magical Staves
 l - a staff of conjuration {!a@e2staff}
   (You found it on level 1 of the Dungeon)
Jewellery
 m - an amulet of magic regeneration (around neck) {@e2}
   (You found it on level 1 of the Dungeon)
 x - an amulet of faith {!P}
   (You took it off an orc on level 6 of the Dungeon)
 C - a ring of protection from cold (left hand)
   (You found it on level 3 of the Dungeon)
Scrolls
 i - 3 scrolls of torment {unknown}
 j - 3 scrolls of teleportation {@r4}
 n - 2 scrolls of enchant armour
 y - 4 scrolls of identify {unknown}
 z - 2 scrolls of noise {unknown}
 G - 3 scrolls of acquirement {unknown}
 H - a scroll of brand weapon {unknown}
Potions
 d - a potion of might
 E - a potion of mutation {!q}
 F - a potion of lignification {!q}

Dungeon Overview and Level Annotations

Branches:
Dungeon (9/15)             Temple (0/1) D:5
   Lair: D:8-11         Orc: D:9-12

Altars:
Cheibriados
Dithmenos
Fedhas
Hepliaklqana
Ru
Sif Muna
Trog
Xom
Yredelemnul
Zin
The Shining One

Shops:
D:2 (   D:3 !

Annotations:
D:3 exclusion: downstairs
D:8 Harold, Psyche ## ยงยง

#. h ## ##.#
#.#.# #...
#...# ...#
...# #.. ..#
#.Z###.##
#.#@ยง.h.# #
# ##..#.#
##.##.##.#.##
#.........##
#.#.##..####
## #. .### #
. . ..##.# ##
.# . ##. .##
#..# ....
##..##


You could see a raiju and a minotaur zombie.


Message History

Found a gateway leading deeper into the Abyss. ๐Ÿ˜ฎ HP[-3] MP[+2]
You take 3 damage, and now have 38/62 hp.
You regained 2 mp, and now have 10/13 mp.
F - a potion of lignification {!q} ๐Ÿ˜ฎ MP[+1] ๐Ÿ˜ฎ MP[+1] ๐Ÿ˜ฎ HP[+1]
You start resting. ๐Ÿ˜ฎ MP[+1]
Your mp is fully restored (13).
You start resting. ๐Ÿ˜Ž HP[+23]
Your hp is fully restored (62).
Unknown command.
A snapping turtle skeleton comes into view.
There is a gateway leading deeper into the Abyss here.
Why would you want to do that?
A necromancer comes into view. It is wielding a +0 dagger.
The necromancer shouts!
A frost giant skeleton comes into view.
An ettin simulacrum comes into view.
A dire elephant zombie comes into view.
The necromancer points at you and mumbles some strange words.
The bolt of negative energy hits you!!
You feel drained.
You focus on the pain.
You feel agile all of a sudden. ๐Ÿ˜ฎ HP[-25] MP[-5]
You now have 59 max hp (-3).
You take 25 damage, and now have 37/59 hp.
MASSIVE DAMAGE!! (PAUSE)
You lost 5 mp, and now have 8/13 mp.
As you read the scroll of teleportation {@r4}, it crumbles to dust.
You feel strangely unstable.
You feel the power of the Abyss delaying your translocation! ๐Ÿ˜ฎ MP[+1]
A small abomination comes into view. ๐Ÿ˜ฎ HP[+1]
The necromancer gestures wildly while chanting.
The necromancer binds the souls of nearby monsters. ๐Ÿ˜ฎ MP[+1] Unknown command.
An ancient zyme comes into view.
You feel yourself growing ill in the presence of the ancient zyme. ๐Ÿ˜ฎ MP[+1] Unknown command.
You block the ancient zyme's attack. x2 ๐Ÿ˜ฎ HP[+1] MP[+1]
You feel ill.
A large abomination comes into view. ๐Ÿ˜ฎ MP[+1]
Your mp is fully restored (13).
Unknown command.
The necromancer mumbles some strange words.
The necromancer binds the souls of nearby monsters.
You feel ill.
You see here 28 sling bullets.
You are suddenly pulled into a different region of the Abyss!
You now have 465 gold pieces (gained 22).
Found a gateway leading deeper into the Abyss.
G - 3 scrolls labelled HAHAOKHLIUCK You feel a little less agile now.
H - a scroll labelled LOAZAORU ZAIXT A raiju comes into view.
The raiju barks!
A small abomination comes into view.
You hit the small abomination but do no damage.
You block the small abomination's attack.
You barely miss the small abomination. You headbutt the small abomination.
The small abomination closely misses you.
A minotaur zombie comes into view.
You completely miss the small abomination.
The small abomination hits you.
You block the small abomination's attack. ๐Ÿ˜ฎ HP[-4] MP[-1]
You take 4 damage, and now have 35/59 hp.
You lost 1 mp, and now have 12/13 mp.
You barely miss the small abomination. You headbutt the small abomination!
You block the small abomination's attack. ๐Ÿ˜ฎ MP[+1]
Your mp is fully restored (13).
You slice the small abomination!! You freeze the small abomination.
You destroy the small abomination!
You closely miss the raiju.
The raiju bursts into living lightning!
The living lightning hits you!!
* * * LOW HITPOINT WARNING * * *
You focus on the pain.
You feel very mighty all of a sudden. The living lightning hits you!!
* * * LOW HITPOINT WARNING * * *
The raiju blinks! ๐Ÿ˜ฑ HP[-34] MP[-12]
You now have 60 max hp (+1).
You take 34 damage, and now have 1/60 hp.
MASSIVE DAMAGE!! (PAUSE)
You lost 12 mp, and now have 1/13 mp.
You slash the minotaur zombie! You headbutt the minotaur zombie.
You block the minotaur zombie's attack. The minotaur zombie gores you.
You die...

Skill      XL: |  1  2  3  4  5  6  7  8  9 |
---------------+----------------------------+-----
Axes           | 2 3 4 5 6 7 |  7.1
Armour         | 3 4 5 |  5.4
Shields        | 3 4 5 |  5.5
Fighting       | 4 5 6 |  6.1
Spellcasting   | 1 2 3 |  3.0
Invocations    | 3 4 |  4.1

Action                   |  1- 3 |  4- 6 |  7- 9 || total
-------------------------+-------+-------+-------++-------
Melee: War axe           |   103 |   105 |   222 ||   430
       Headbutt          |     6 |    13 |    45 ||    64
 Fire: Hunting sling     |    13 |    10 |    13 ||    36
Throw: Stone             |    52 |     1 |     3 ||    56
       Dart              |     5 |    12 |       ||    17
Invok: Ancestor Life: He |       |       |     1 ||     1
       Ancestor Identity |       |       |     1 ||     1
  Use: Potion            |       |       |     8 ||     8
       Scroll            |       |       |     7 ||     7
 Stab: Distracted        |       |       |     4 ||     4
       Confused          |       |       |     2 ||     2
Armor: Scale mail        |    62 |    60 |    92 ||   214
Dodge: Dodged            |    55 |    38 |    56 ||   149
Block: Kite shield       |    63 |    65 |   120 ||   248

Levels and vault maps discovered:
D:1:      dpeg_arrival_leaves_temple_mockup, layout_basic,
          shapermc_ecumenical_altar_mp_urbaneastern, minmay_misc_feat_encased,
          hangedman_decor_opposing
D:2:      layout_basic, serial_shops, shop
D:3:      layout_rooms, nzn_hepliaklqana_mist_gate, lemuel_tele_altar,
          nicolae_sif_muna_condensation, serial_shops, nicolae_shop_stone,
          minmay_between, uniq_sigmund
D:4:      layout_cave_pods, lemuel_round_altar, uniq_pikel
D:5:      layout_basic, marbit_many_paths, tso_oasis_becter,
          minmay_temple_entry_antechambers
D:6:      layout_cave_pools, grunt_temple_overflow_open
D:7:      layout_cave_pools, minivault_19
D:8:      layout_gridville, grunt_decor_one_mirror,
          hangedman_abyss_or_decor_stagger, uniq_harold, uniq_psyche
D:9:      cheibrodos_steamvent, layout_loops_ring, okawaru_gym_becter,
          orc_0_dummy, serial_shops, shop, kennysheep_mini,
          kennysheep_mini_moat, shop, minmay_statue_bubble, uniq_joseph
Abyss:2:  base: D:1, base: D:9, abyss_exit_lava

Notes
Turn   | Place    | Note
-------+----------+-------------------------------------------
     0 | D:1      | Sobieck the Demonspawn Fighter began the quest for the Orb.
     0 | D:1      | Reached XP level 1. HP: 18/18 MP: 1/1
     0 | D:1      | magus.rc [v1.9.6]
   105 | D:1      | Reached skill level 2 in Axes
   222 | D:1      | Gained mutation: You have a pair of small horns on your
                  | head. [demonic ancestry]
   222 | D:1      | Reached XP level 2. HP: 24/24 MP: 2/2
   674 | D:1      | Found a faded altar of an unknown god.
  1062 | D:2      | Gained mutation: You regenerate magic rapidly. [demonic
                  | ancestry]
  1062 | D:2      | Reached XP level 3. HP: 27/29 MP: 3/3
  1120 | D:1      | Reached skill level 3 in Armour
  1240 | D:2      | Found Hischidgh's Antique Weapon Shoppe.
  1248 | D:2      | Reached skill level 3 in Shields
  1668 | D:3      | Found a shimmering blue altar of Sif Muna.
  1680 | D:3      | Reached XP level 4. HP: 27/35 MP: 4/4
  1688 | D:3      | HP: 7/35 [adder (2)]
  1691 | D:3      | HP: 1/35 [adder (4)]
  2359 | D:2      | Reached skill level 3 in Axes
  2618 | D:3      | Found Dilur's Distillery.
  2678 | D:3      | Noticed Sigmund
  2811 | D:3      | Killed Sigmund
  2812 | D:3      | Reached skill level 4 in Fighting
  2812 | D:3      | Gained mutation: When hurt, damage is shared between your
                  | health and your magic reserves. [demonic ancestry]
  2812 | D:3      | Reached XP level 5. HP: 24/42 MP: 5/5
  3012 | D:3      | Gained mutation: You sometimes gain a little power by
                  | taking damage. [demonic ancestry]
  3012 | D:3      | Reached XP level 6. HP: 48/48 MP: 6/6
  3238 | D:3      | Reached skill level 4 in Axes
  3558 | D:3      | Found a shadowy altar of Dithmenos.
  3686 | D:3      | Found a hazy altar of Hepliaklqana.
  3769 | D:3      | Became a worshipper of Hepliaklqana the Forgotten
  3836 | D:4      | Found a basalt altar of Yredelemnul.
  3842 | D:4      | You pick up a book of Necromancy and begin reading...
  3842 | D:4      | You add the spells Pain, Animate Skeleton, Vampiric
                  | Draining, Animate Dead and Agony to your library.
  3867 | D:4      | HP: 8/49 [ogre/+0 giant spiked club (5)]
  3950 | D:3      | Reached skill level 4 in Armour
  3950 | D:3      | Reached skill level 4 in Shields
  3950 | D:3      | Reached skill level 1 in Spellcasting
  3950 | D:3      | Reached XP level 7. HP: 25/55 MP: 8/8
  4166 | D:5      | Entered Level 5 of the Dungeon
  4197 | D:3      | Gained mutation: Your mind is acute. (Int +2) [potion of
                  | mutation]
  4886 | D:4      | Noticed Pikel
  4935 | D:4      | Killed Pikel
  4936 | D:4      | Reached skill level 5 in Fighting
  4936 | D:4      | Reached skill level 5 in Axes
  4936 | D:4      | Reached skill level 2 in Spellcasting
  4936 | D:4      | Reached XP level 8. HP: 23/62 MP: 6/11
  5713 | D:5      | Found a staircase to the Ecumenical Temple.
  5731 | D:5      | Reached * piety under Hepliaklqana
  5806 | D:5      | You pick up a book of Callings and begin reading...
  5806 | D:5      | You add the spells Summon Small Mammal, Call Imp, Call
                  | Canine Familiar, Summon Guardian Golem, Summon Lightning
                  | Spire and Summon Ice Beast to your library.
  5899 | D:5      | You pick up a book of Party Tricks and begin reading...
  5899 | D:5      | You add the spells Apportation, Lesser Beckoning, Tukima's
                  | Dance, Alistair's Intoxication and Invisibility to your
                  | library.
  6230 | D:5      | Reached ** piety under Hepliaklqana
  6231 | D:5      | Remembered your ancestor Gidget as a hexer
  6385 | D:5      | Reached skill level 1 in Invocations
  6696 | D:5      | Reached skill level 6 in Axes
  6760 | D:5      | Found a sacrificial altar of Ru.
  7064 | D:6      | Reached skill level 3 in Spellcasting
  7064 | D:6      | Reached skill level 2 in Invocations
  7119 | D:7      | Reached skill level 5 in Shields
  7140 | D:6      | Found a bloodstained altar of Trog.
  7153 | D:6      | Reached skill level 5 in Armour
  7154 | D:6      | Found a snail-covered altar of Cheibriados.
  7277 | D:6      | Found a shimmering altar of Xom.
  7277 | D:6      | Found a blossoming altar of Fedhas.
  7448 | D:6      | You pick up a book of Minor Magic and begin reading...
  7448 | D:6      | You add the spells Magic Dart, Blink, Slow, Conjure Flame
                  | and Mephitic Cloud to your library.
  7508 | D:6      | Reached skill level 3 in Invocations
  7508 | D:6      | Gained mutation: You have a somewhat thin skeletal
                  | structure. (Dex +2, Stealth+) [demonic ancestry]
  7508 | D:6      | Reached XP level 9. HP: 54/62 MP: 13/13
  8119 | D:7      | You pick up a book of Geomancy and begin reading...
  8119 | D:7      | You add the spells Sandblast, Passwall, Stone Arrow,
                  | Petrify and Lee's Rapid Deconstruction to your library.
  8298 | D:8      | HP: 11/62 [orc warrior/+0 long sword (7)]
  8301 | D:8      | Reached skill level 6 in Fighting
  8756 | D:7      | Reached *** piety under Hepliaklqana
  8761 | D:7      | Reached skill level 7 in Axes
  9140 | D:8      | Reached skill level 4 in Invocations
  9266 | D:8      | Identified a +1 robe of the Archmagi
  9266 | D:8      | Noticed Psyche
  9269 | D:8      | Noticed Harold
  9274 | D:8      | You are cast into the Abyss!
  9274 | D:8      | Cast into level 2 of the Abyss (Psyche)
  9400 | Abyss:2  | Noticed a necromancer
  9407 | Abyss:2  | Noticed an ancient zyme
  9411 | Abyss:2  | Noticed a large abomination
  9458 | Abyss:2  | HP: 1/59 [raiju/living lightning (20)]
  9459 | Abyss:2  | Slain by a minotaur zombie

Vanquished Creatures
  Pikel (D:4)
  Sigmund (D:3)
  2 sky beasts
  An orc warrior (D:8)
  2 ogres
  A centaur (D:8)
  A bullfrog (D:6)
  3 scorpions
  2 wights (D:8)
  A bullfrog zombie (D:4)
  A centaur zombie (D:6)
  2 hounds
  4 orc priests
  2 bullfrog skeletons
  A jelly (D:7)
  2 iguanas (D:6)
  2 orc wizards
  A small abomination (Abyss:2)
  A killer bee zombie (D:5)
  A hound skeleton (D:5)
  6 adders
  A white imp (D:7)
  An adder zombie (D:3)
  2 adder skeletons (D:4)
  26 orcs
  6 ball pythons
  6 bats
  9 endoplasms
  4 giant cockroaches
  12 goblins
  9 hobgoblins
  11 jackals
  6 kobolds
  2 quokkas
  A frilled lizard (D:2)
  10 rats
144 creatures vanquished.

Vanquished Creatures (collateral kills)
  A black bear (D:7)
  A bullfrog (D:7)
  A water moccasin skeleton (D:5)
  A wight (D:8)
  A bullfrog zombie (D:5)
  A bullfrog skeleton (D:5)
  2 hounds
  An orc priest (D:8)
  An iguana (D:5)
  3 orc wizards
  An adder (D:6)
  5 orcs
19 creatures vanquished.

Vanquished Creatures (others)
  A plant (D:5)
1 creature vanquished.

Grand Total: 164 creatures vanquished

Table legend:
 A = Non-vault XP
 B = Vault XP
 C = Vault XP percentage of total XP
 D = Non-vault monster count
 E = Vault monster count
 F = Vault count percentage of total count
                 A         B        C        D         E       F
            +---------+---------+-------+---------+---------+-------
      Total |    2920 |     940 |  24.4 |     154 |       9 |   5.5
            +---------+---------+-------+---------+---------+-------
        D:1 |      43 |       0 |   0.0 |      25 |       0 |   0.0
        D:2 |      41 |       0 |   0.0 |      18 |       0 |   0.0
        D:3 |     381 |     257 |  40.3 |      34 |       7 |  17.1
        D:4 |     158 |     663 |  80.8 |      13 |       1 |   7.1
        D:5 |     571 |      20 |   3.4 |      24 |       1 |   4.0
        D:6 |     542 |       0 |   0.0 |      17 |       0 |   0.0
        D:7 |     683 |       0 |   0.0 |      15 |       0 |   0.0
        D:8 |     472 |       0 |   0.0 |       7 |       0 |   0.0
    Abyss:2 |      29 |       0 |   0.0 |       1 |       0 |   0.0
            +---------+---------+-------+---------+---------+-------

Illustrated notes

Table legend:
 A = Kills in this place as a percentage of kills in entire the game.
 B = Kills by you in this place as a percentage of kills by you in the entire game.
 C = Kills by friends in this place as a percentage of kills by friends in the entire game.
 D = Other kills in this place as a percentage of other kills in the entire game.
 E = Experience gained in this place as a percentage of experience gained in the entire game.
 F = Experience gained in this place divided by the number of levels of this place that you have seen.
                   A       B       C       D       E      F
               +-------+-------+-------+-------+-------+----------------------
         Total | 100.0 | 100.0 | 100.0 |   N/A | 100.0 | 386.0
       Dungeon |  99.4 |  99.3 | 100.0 |   N/A |  99.2 | 425.7
         Abyss |   0.6 |   0.7 |   0.0 |   N/A |   0.8 |  29.0
               +-------+-------+-------+-------+-------+----------------------

Table legend: (Time is in decaauts)
 A = Elapsed time spent in this place.
 B = Non-inter-level travel time spent in this place.
 C = Inter-level travel time spent in this place.
 D = Time resting spent in this place.
 E = Time spent auto-exploring this place.
 F = Levels seen in this place.
 G = Mean time per level.
                   A        B        C        D        E       F      G
               +--------+--------+--------+--------+--------+-----+--------+
         Total |   9699 |   9297 |    402 |   2193 |   5461 |  10 |  969.9 |
       Dungeon |   9513 |   9111 |    402 |   2079 |   5461 |   9 | 1057.0 |
         Abyss |    186 |    186 |      0 |    114 |      0 |   1 |  186.0 |
               +--------+--------+--------+--------+--------+-----+--------+

Top non-repeatable levels by time:
     D:3: 1996 daAuts
     D:5: 1387 daAuts
     D:2: 1382 daAuts
     D:4: 1243 daAuts
     D:1: 1228 daAuts
     D:7: 1018 daAuts
     D:6: 923 daAuts
     D:8: 330 daAuts
 Abyss:2: 186 daAuts
     D:9: 1 daAuts
